 Dungeon Sprint DCSS version 0.30-a0-534-gdc55766716 (webtiles) character file.

Game seed: 6704991894480136338

21 rocky1 the Poker (level 2, 0/23 HPs)
             Began as a Merfolk Gladiator on Dec 25, 2022.
             Slain by a wolf (6 damage)
             ... in the Dungeon (Sprint III: "The Ten Rune Challenge").
             The game lasted 00:00:17 (121 turns).

rocky1 the Poker (Merfolk Gladiator)                 Turns: 121, Time: 00:00:17

Health: 0/23       AC:  4    Str: 14    XL:     2   Next: 87%
Magic:  2/2        EV: 17    Int:  7    God:
Gold:   14         SH:  0    Dex: 15    Spells: 1/1 levels left

rFire   . . .      SeeInvis .    a - +0 trident
rCold   . . .      Faith    .    (no shield)
rNeg    . . .      Spirit   .    b - +0 leather armour
rPois   .          Reflect  .    c - +0 helmet
rElec   .          Harm     .    (no cloak)
rCorr   .          Rampage  .    (no gloves)
Will    .....      NoTele   +    (boots currently unavailable)
Stlth   ++                       (no amulet)
HPRegen 0.23/turn                (no ring)
MPRegen 0.08/turn                (no ring)

@: very quick
A: nimble swimmer 2, mertail
a: no special abilities


You were in the Dungeon.
You visited 1 branch You collected 14 gold pieces.

Inventory:

Hand Weapons
 a - a +0 trident (weapon)
Missiles
 d - 3 throwing nets (quivered)
 e - a javelin
Armour
 b - a +0 leather armour (worn)
 c - a +0 helmet (worn)
Scrolls
 k - a scroll of blinking
Potions
 f - a potion of curing
 g - a potion of heal wounds
 h - a potion of haste
 i - 2 potions of magic
 j - a potion of berserk rage
 l - a potion of brilliance {unknown}


   Skills:
 + Level 2.9 Fighting
 + Level 6.2 Polearms
 + Level 2.5 Throwing
 + Level 0.1 Armour
 + Level 5.7 Dodging


You had one spell level left.
You didn't know any spells.
Your spell library was empty.

Dungeon Overview and Level Annotations

Branches:
Dungeon (1/1)

Altars:


Innate Abilities, Weirdness & Mutations

You are very nimble when in or above water. (Stealth+, EV+, Speed+++)
Your lower body shifts to a powerful aquatic tail in water.


Message History

The human is almost dead.
The human closely misses you.
You hit the human.
You kill the human!
Your Polearms skill gained 2 levels and is now at level 6!
Your Dodging skill increases to level 5!
You have reached level 2!
You start resting.
HP restored.
A wolf comes into view.
The wolf howls!
You reach to attack!
You closely miss the wolf. You miss the wolf.
The wolf splashes around in the water. x2
You hit the wolf.
The wolf is moderately wounded.
The wolf splashes around in the water.
You closely miss the wolf.
The wolf is moderately wounded.
The wolf bites you. The wolf bites you!
You hit the wolf but do no damage.
The wolf is moderately wounded.
The wolf misses you. The wolf bites you!
* * * LOW HITPOINT WARNING * * *
You are too injured to fight recklessly!
You are too injured to fight recklessly!
You are too injured to fight recklessly!
You are too injured to fight recklessly!
You are too injured to fight recklessly!
You are too injured to fight recklessly!
You are too injured to fight recklessly!
You are too injured to fight recklessly!
You are too injured to fight recklessly!
You are too injured to fight recklessly!
You are too injured to fight recklessly!
You are too injured to fight recklessly!
You are too injured to fight recklessly!
You hit the wolf.
The wolf is moderately wounded.
The wolf splashes around in the water.
The wolf bites you.
You die...

▓▓▓▓ ▓▓▓▓ ▓<.#
+...♣♣ ▓..# #....♣
▓#'####....♣♣
▓.....#....~♣ ♣♣♣
▓.....#...h~♣♣..♣
▓.....#..~@~~.♣♣ .
▓####'#..~≈≈~~~♣..
▓...†.#.~~≈~~~....
▓.....#.~≈~~~.....
▓.....#.~~~.......
▓'#####....†......
▓.................
▓▓▓▓▓▓▓▓▓▓▓▓▓▓▓▓▓▓


You could see a wolf.

Vanquished Creatures
  A human (D)
  An endoplasm (D)
  3 rats (D)
5 creatures vanquished.

Notes
Turn   | Place    | Note
-------+----------+-------------------------------------------
     0 | D        | rocky1 the Merfolk Gladiator began the quest for the Orb.
     0 | D        | Reached XP level 1. HP: 16/16 MP: 1/1
    55 | D        | Reached skill level 6 in Polearms
    55 | D        | Reached skill level 5 in Dodging
    55 | D        | Reached XP level 2. HP: 9/23 MP: 2/2
   121 | D        | Slain by a wolf

Illustrated notes

Levels and vault maps discovered:
D:        dungeon_sprint_mu [sprint_mu_entry_forest, sprint_mu_temple_rooms,
          sprint_mu_d1_horrors, sprint_mu_d2_genie, sprint_mu_d3_branching,
          sprint_mu_orc_legion, sprint_mu_elf_gauntlet, sprint_mu_hive_nellie,
          sprint_mu_lair_fedhas, sprint_mu_vaults_butterflies,
          sprint_mu_slime_circle, sprint_mu_swamp_cave, sprint_mu_shoals_archi,
          sprint_mu_blade_basic, sprint_mu_crypt_chambers,
          sprint_mu_tomb_spiral, sprint_mu_vestibule_basic,
          sprint_mu_gehenna_hellfire, sprint_mu_dis_giant,
          sprint_mu_tartarus_statrot, sprint_mu_cocytus_islands, sprint_mu_zot1]

Skill      XL: |  1 |
---------------+----+-----
Polearms       | 6 |  6.2
Dodging        | 5 |  5.7
Fighting       | |  2.9
Throwing       | |  2.5
Armour         | |  0.1

Action                   || total
-------------------------++-------
Melee: Trident           ||    31
       Tailslap          ||     2
Armor: Leather armour    ||     2
Dodge: Dodged            ||    17

Table legend: (Time is in decaauts)
 A = Elapsed time spent in this place.
 B = Non-inter-level travel time spent in this place.
 C = Inter-level travel time spent in this place.
 D = Time resting spent in this place.
 E = Time spent auto-exploring this place.
 F = Levels seen in this place.
 G = Mean time per level.
                   A        B        C        D        E       F      G
               +--------+--------+--------+--------+--------+-----+--------+
         Total |    120 |    120 |      0 |     57 |     21 |   1 |  120.0 |
       Dungeon |    120 |    120 |      0 |     57 |     21 |   1 |  120.0 |
               +--------+--------+--------+--------+--------+-----+--------+

Top non-repeatable levels by time:
       D: 120 daAuts
